 Dungeon Crawl Stone Soup version 0.26-a0-639-g72c4674329 (webtiles) character file.

Game seed: 8240838195423792035

372867 Flugslaktarn the Warrior (level 21, -39/174 HPs)
             Began as a Deep Dwarf Fighter on Sept 23, 2020.
             Was the Champion of Makhleb.
             Killed from afar by an orb of fire (44 damage)
             ... with a bolt of fire
             ... on level 5 of the Realm of Zot.
             The game lasted 00:17:39 (18213 turns).

Flugslaktarn the Warrior (Deep Dwarf Fighter)      Turns: 18213, Time: 00:17:40

Health: -39/174    AC: 27    Str: 24    XL:     21   Next: 38%
Magic:  2/2 (11)   EV:  8    Int: 11    God:    Makhleb [******]
Gold:   1598       SH: 28    Dex: 12    Spells: 20/20 levels left

rFire    + . .     SeeInvis .   P - +9 war axe of Reinforcement {flame, +Rage rElec MP-9}
rCold    + . .     Faith    .   c - +2 tower shield
rNeg     + . .     Spirit   .   J - +3 gold dragon scales
rPois    +         Reflect  +   (no helmet)
rElec    +         Harm     .   l - +2 cloak
rCorr    .         Rampage  +   R - +4 pair of gloves of the Sea {Rampage Int+2}
MR       ++++.                  F - +2 pair of boots
Stlth    ..........             s - amulet of reflection
HPRegen  0.00/turn              j - +4 ring of slaying
MPRegen  0.08/turn              m - ring of protection from magic

@: mighty, corroded, non-regenerating
A: damage resistance, heal wounds, blurry vision 1, deformed body, dopey 1,
frail 2, low mp 1, negative energy resistance 1, sense surroundings 3, screaming
1, weak 2, no regeneration
}: 3/15 runes: serpentine, barnacled, abyssal
a: Heal Wounds, Minor Destruction, Lesser Servant of Makhleb, Major Destruction,
Greater Servant of Makhleb, Renounce Religion, Evoke Berserk Rage


You were on level 5 of the Realm of Zot.
You worshipped Makhleb.
Makhleb was exalted by your worship.
You visited 7 branches of the dungeon, and saw 36 of its levels.
You visited the Abyss 1 time.
You visited 1 bazaar.

You collected 2234 gold pieces.
You spent 636 gold pieces at shops.

Inventory:

Hand Weapons
 D - a +6 war axe of electrocution
   (You bought it in a shop in a bazaar)
 P - the +9 war axe of Reinforcement (weapon) {flame, +Rage rElec MP-9}
   (You found it on level 2 of the Shoals)

   It has been specially enchanted to burn those struck by it, causing extra
   injury to most foes and up to half again as much damage against particularly
   susceptible opponents.
   Big, fiery blades are also staple armaments of hydra-hunters.
   It insulates you from electricity.
   It affects your magic capacity (-9).
   It lets you go berserk.
Missiles
 p - 8 throwing nets (quivered)
Armour
 c - a +2 tower shield (worn)
   (You took it off a naga warrior on level 1 of the Snake Pit)
 l - a +2 cloak (worn)
   (You found it on level 9 of the Dungeon)
 F - a +2 pair of boots (worn)
   (You found it on level 12 of the Dungeon)
 J - +3 gold dragon scales (worn)
   (You found it on level 1 of the Realm of Zot)
 M - the +15 plate armour of Creativity {Harm rN+ Int-2 Slay+2}
   (You found it on level 14 of the Dungeon)

   It affects your intelligence (-2).
   It affects your accuracy and damage with ranged weapons and melee attacks
   (+2).
   It protects you from negative energy.
   It increases damage dealt and taken.
 R - the +4 pair of gloves of the Sea (worn) {Rampage Int+2}
   (You found it on level 4 of the Shoals)

   It affects your intelligence (+2).
   It bestows one free step when moving towards enemies.
Jewellery
 i - an uncursed ring of see invisible
   (You found it on level 14 of the Dungeon)
 j - a +4 ring of slaying (left hand)
   (You took it off a kobold demonologist on level 12 of the Dungeon)
 k - an uncursed ring of resist corrosion
   (You found it on level 4 of the Snake Pit)
 m - a ring of protection from magic (right hand)
   (You found it on level 14 of the Dungeon)
 o - an uncursed ring of poison resistance
   (You bought it in a shop in a bazaar)
 s - an amulet of reflection (around neck)
   (You found it on level 4 of the Dungeon)
 v - a +4 ring of evasion
   (You found it on level 13 of the Dungeon)
 z - the ring "Luzuckib" {+Fly Int+3 SInv}
   (You took it off a spriggan berserker on level 2 of the Depths)

   [ring of flight]

   It affects your intelligence (+3).
   It lets you see invisible.
   It lets you fly.
 I - an uncursed amulet of magic regeneration
   (You took it off a yaktaur on level 3 of the Depths)
Wands
 b - a wand of enslavement (18)
   (You found it on level 9 of the Dungeon)
 A - a wand of iceblast (17)
   (You found it on level 11 of the Dungeon)
 N - a wand of paralysis (16)
   (You found it on level 11 of the Dungeon)
Scrolls
 g - 3 scrolls of fog
 r - a scroll of identify
 t - 2 scrolls of teleportation
 x - 9 scrolls of remove curse
 y - a scroll of silence
 E - 2 scrolls of immolation
 L - 2 scrolls of fear
Potions
 d - a potion of might
 e - 2 potions of lignification
 f - 4 potions of flight
 q - 4 potions of curing
 w - a potion of heal wounds
 B - 4 potions of ambrosia
 G - 5 potions of mutation
 H - a potion of invisibility
 K - a potion of magic
Miscellaneous
 C - a tin of tremorstones (3/3)
   (You found it on level 2 of the Depths)


   Skills:
 * Level 19.7 Fighting
 - Level 18.0 Axes
 + Level 17.1 Armour
 - Level 11.0 Dodging
 + Level 17.1 Shields
 - Level 15.0 Invocations
 - Level 10.0 Evocations


You had 20 spell levels left.
You didn't know any spells.
Your spell library was empty.

Dungeon Overview and Level Annotations

Branches:
Dungeon (15/15)            Temple (1/1) D:4            Lair (2/6) D:11
 Shoals (4/4) Lair:2        Snake (4/4) Lair:2          Orc (0/2) D:12
 Vaults (0/5) D:14         Depths (5/5) D:15            Zot (5/5) Depths:5

Altars:
Ashenzari
Cheibriados
Dithmenos
Elyvilon
Fedhas
Gozag
Hepliaklqana
Kikubaaqudgha
Makhleb
Nemelex Xobeh
Ru
Sif Muna
Trog
Uskayaw
Vehumet
Wu Jian
Xom
Yredelemnul
Zin
The Shining One
Beogh

Shops:
D:4 :   D:5 *   D:10 ?   Shoals:1 (   Shoals:3 *   Depths:3 =(

Portals:
Hell: Depths:2
Abyss: Depths:4
Trove: D:12 (give +6 demon trident)

Annotations:
D:4 1 exclusion
D:7 exclusion: door
D:14 Roxanne
Lair:2 1 runed translucent door


Innate Abilities, Weirdness & Mutations

You are resistant to damage.
You can heal yourself by infusing magical energy.
You resist negative energy. (rN+)
You passively map a large area around you.
You do not regenerate.
Scrolls take you a little longer to read.
Armour fits poorly on your strangely shaped body.
You are dopey. (Int -2)
You are very frail. (-20% HP)
Your magical capacity is low. (-10% MP)
You occasionally shout uncontrollably at your foes.
You are very weak. (Str -4)


Message History

The fireball engulfs the orb of fire.
The orb of fire completely resists.
The orb of fire glows yellow.
The fireball explodes!
The fireball engulfs you!! You resist.
* * * LOW HITPOINT WARNING * * *
The fireball engulfs the orb of fire.
The orb of fire completely resists.
The fireball engulfs the orb of fire.
The orb of fire completely resists.
You are too injured to fight recklessly!
You barely miss the orb of fire. You slice the orb of fire!!
You are too injured to fight recklessly!
You feel much better.
The orb of fire emits a lurid red light.
Strange energies course through your body.
You feel frail.
You feel much better.
The orb of fire glows yellow.
The bolt of fire hits you!!! You resist.
* * * LOW HITPOINT WARNING * * *
The orb of fire glows yellow.
The bolt of fire hits you!!! You resist.
You die...

▓▓▓* ▓▓▓▓▓▓▓▓▓▓## *
▓▓▓▓......... ,*
##▓............ ,
##........X..... ,
*▓▓▓▓▓▓ #.............^.
, , *
......▓*▓...............
,
...^...▓▓.^.............
, *
.......*▓...............
,
..0...*@................
,, , ,
........▓.........).?...
.......▓▓...............
, ** ......▓
▓............(.. , , *
▓▓▓▓▓▓ ▓...............
▓▓........., *▓▓.....,
,,, ▓▓▓.. * * *


You could see 2 orbs of fire.

Vanquished Creatures
  Tiamat (Zot:1)
  3 ancient liches (Zot:5)
  4 orbs of fire (Zot:5)
  A Killer Klown (Zot:5)
  2 curse toes
  2 golden dragons
  the Enchantress (Depths:1)
  A hellephant (Abyss:3)
  4 tentacled monstrosities
  21 Orb Guardians (Zot:5)
  A quicksilver dragon (Zot:4)
  2 death cobs (Zot:4)
  An Executioner (Abyss:3)
  2 titans
  4 tentacled starspawn
  A tengu reaver (Depths:5)
  6 storm dragons
  2 shadow dragons
  5 draconian monks
  2 fire giants
  A daeva (Abyss:3)
  2 draconian knights (Zot:2)
  An iron dragon (Depths:2)
  7 nagarajas (Snake:4)
  A ghost moth (Zot:4)
  2 draconian stormcallers (Zot:1)
  3 frost giants (Depths:2)
  2 draconian shifters
  5 draconian scorchers
  3 draconian annihilators
  2 very ugly things
  3 spriggan defenders (D:15)
  9 stone giants
  3 green draconians
  4 white draconians
  8 red draconians
  6 purple draconians
  6 black draconians
  8 yellow draconians
  3 spark wasps (Depths:2)
  5 merfolk javelineers
  5 merfolk impalers
  2 ettins
  Josephine (D:11)
  3 crystal guardians (Depths:2)
  4 vault guards (D:14)
  4 fire dragons
  A rakshasa (Depths:1)
  3 ogre magi
  5 hydras
  A yaktaur captain (Depths:3)
  4 great orbs of eyes
  3 ice dragons
  Harold (D:11)
  12 two-headed ogres
  3 spriggan air magi
  Erica (D:10)
  A merfolk avatar (Shoals:3)
  11 anacondas
  3 centaur warriors
  9 naga warriors
  2 alligator snapping turtles (Shoals:4)
  A merfolk aquamancer (Shoals:4)
  7 tengu warriors
  3 satyrs
  A deep troll earth mage (D:15)
  9 naga sharpshooters
  5 deep troll shamans
  11 thrashing horrors (Abyss:4)
  4 spriggan berserkers
  A shock serpent (Snake:1)
  Nergalle (Lair:2)
  5 iron trolls
  6 wretched stars
  A spatial maelstrom (Abyss:3)
  A fire crab (Lair:2)
  7 deep trolls
  3 glowing orange brains
  6 sea snakes
  7 unseen horrors
  5 naga ritualists
  A wizard (Depths:3)
  A golden dragon skeleton (Abyss:3)
  3 mana vipers (Snake:3)
  12 harpies
  22 ugly things
  11 fauns
  22 starcursed masses
  7 moths of wrath
  A merfolk siren (Lair:2)
  3 cyclopes
  2 centaur zombies
  2 salamanders
  3 manticores
  An elephant (D:11)
  14 guardian serpents
  3 water nymphs
  An eye of devastation (shapeshifter) (Depths:2)
  16 black mambas
  5 centaur skeletons
  14 naga magi
  2 gargoyles (D:11)
  2 smoke demons
  15 large abominations
  5 rime drakes (Shoals:2)
  7 yaktaurs
  4 kobold demonologists
  A komodo dragon (Lair:1)
  An anaconda simulacrum (Abyss:3)
  4 ancient zymes
  An ice devil (Abyss:3)
  2 tengu conjurers
  A guardian mummy (D:12)
  2 trolls
  13 merfolk
  A hornet (D:14)
  A jumping spider (shapeshifter) (Depths:3)
  6 wind drakes
  18 slime creatures
  Grinder (D:4)
  2 raiju (Abyss:3)
  A blink frog (Lair:1)
  10 snapping turtles
  A raiju (shapeshifter) (Depths:4)
  14 hippogriffs
  A tarantella (shapeshifter) (Depths:1)
  2 spriggans (Depths:1)
  A ynoxinul (Abyss:3)
  9 wraiths
  2 water elementals (Shoals:1)
  8 humans (D:14)
  A wyvern (D:8)
  A hog (shapeshifter) (Depths:2)
  3 basilisks
  Sigmund (D:4)
  6 golden eyes (Abyss:4)
  6 steam dragons
  39 yaks
  A fire elemental (Depths:1)
  A neqoxec (Abyss:3)
  Menkaure (D:4)
  3 vampire mosquitoes (D:14)
  9 chaos spawn
  30 nagas
  An acid dragon (D:12)
  A spatial vortex (Abyss:3)
  4 water moccasins
  A floating eye (Depths:2)
  5 porcupines (Lair:2)
  4 sky beasts
  2 black bears
  3 eyes of draining
  4 ice beasts
  A necrophage (D:12)
  4 orc warriors
  A wolf (Lair:2)
  2 phantoms
  14 ogres
  8 centaurs
  5 crocodiles
  6 big kobolds
  10 bullfrogs
  A wyvern zombie (D:13)
  A wyvern skeleton (D:11)
  2 scorpions
  A scorpion (shapeshifter) (Depths:5)
  A water moccasin skeleton (D:12)
  19 killer bees
  18 wights
  An electric eel (Lair:1)
  A howler monkey (D:4)
  A crimson imp (Abyss:3)
  5 bullfrog zombies
  8 hounds
  A quasit (Abyss:3)
  A bullfrog skeleton (D:13)
  7 orc priests
  2 jellies
  4 iguanas
  Ijyb (D:3)
  8 worker ants
  A killer bee zombie (D:6)
  16 orc wizards
  6 small abominations
  2 hound skeletons
  A howler monkey zombie (D:11)
  2 worker ant zombies
  9 adders
  4 gnolls
  A shadow imp (D:6)
  4 white imps
  3 ufetubi
  2 adder skeletons
  A dart slug (D:4)
  5 leopard geckos
  32 orcs
  5 bats
  7 giant cockroaches
  4 goblins
  7 hobgoblins
  2 jackals (D:6)
  4 quokkas
  18 kobolds
  2 rats
  4 starspawn tentacles
998 creatures vanquished.

Vanquished Creatures (collateral kills)
  A hydra (D:12)
  A guardian mummy (D:12)
  An ogre (D:12)
  An adder (D:12)
4 creatures vanquished.

Vanquished Creatures (others)
  A shadow dragon (Depths:5)
  A draconian knight (Zot:1)
  A fire dragon (D:15)
  2 black mambas (Snake:3)
  A shadow (D:14)
  A scorpion (D:10)
  A kobold (D:14)
  6 demonic plants (Abyss:4)
  A fungus (D:11)
  35 plants
  13 starspawn tentacles
  9 toadstools (Lair:2)
72 creatures vanquished.

Grand Total: 1074 creatures vanquished

Notes
Turn   | Place    | Note
-------+----------+-------------------------------------------
     0 | D:1      | Flugslaktarn the Deep Dwarf Fighter began the quest for the
                  | Orb.
     0 | D:1      | Reached XP level 1. HP: 20/20 MP: 1/1
   224 | D:1      | Reached XP level 2. HP: 22/27 MP: 2/2
   408 | D:2      | Reached skill level 3 in Fighting
   408 | D:2      | Reached XP level 3. HP: 23/34 MP: 3/3
   732 | D:3      | Noticed Ijyb
   761 | D:3      | Killed Ijyb
   761 | D:3      | Reached XP level 4. HP: 39/42 MP: 4/4
   921 | D:3      | Reached XP level 5. HP: 47/50 MP: 4/4
   948 | D:3      | Found an opulent altar of Gozag.
   984 | D:3      | Found a shimmering altar of Xom.
   985 | D:3      | Found a sparkling altar of Nemelex Xobeh.
   987 | D:3      | Found a basalt altar of Yredelemnul.
  1055 | D:4      | Found Imymn's Book Shoppe.
  1191 | D:4      | Noticed Grinder
  1212 | D:4      | Paralysed by Grinder for 5 turns
  1229 | D:4      | Killed Grinder
  1229 | D:4      | Reached skill level 4 in Fighting
  1229 | D:4      | Reached XP level 6. HP: 38/58 MP: 5/5
  1280 | D:4      | Noticed Sigmund
  1290 | D:4      | Killed Sigmund
  1290 | D:4      | Reached skill level 5 in Axes
  1515 | D:4      | Noticed Menkaure
  1520 | D:4      | Reached XP level 7. HP: 66/66 MP: 6/6
  1527 | D:4      | Killed Menkaure
  1527 | D:4      | Reached skill level 5 in Fighting
  1587 | D:4      | Found a sacrificial altar of Ru.
  1687 | D:4      | Found a staircase to the Ecumenical Temple.
  1775 | D:5      | Entered Level 5 of the Dungeon
  1799 | D:5      | Reached skill level 5 in Shields
  1846 | Temple   | Entered the Ecumenical Temple
  1936 | Temple   | Became a worshipper of Makhleb the Destroyer
  2061 | D:5      | Reached skill level 5 in Armour
  2369 | D:5      | Reached skill level 1 in Invocations
  2405 | D:5      | Reached XP level 8. HP: 33/75 MP: 4/6
  2470 | D:5      | Found Fiskekh's Assorted Antiques.
  2479 | D:5      | Bought a scroll labeled ROITHU CANUP for 16 gold pieces
  2479 | D:5      | Bought a brown potion for 14 gold pieces
  2479 | D:5      | Bought a brown potion for 14 gold pieces
  2977 | D:6      | Reached skill level 6 in Fighting
  3016 | D:6      | Reached * piety under Makhleb
  3068 | D:6      | Found a shadowy altar of Dithmenos.
  3462 | D:6      | Found an ornate altar of the Wu Jian Council.
  3474 | D:6      | Found Emygeg's Magic Scroll Boutique.
  3724 | D:7      | Gained mutation: You passively map the area around you.
                  | [Deep Dwarf growth]
  3724 | D:7      | Reached XP level 9. HP: 63/85 MP: 8/8
  3973 | D:7      | Found a bloodstained altar of Trog.
  4000 | D:7      | Found a hide-covered altar of Uskayaw.
  4073 | D:7      | Found a shimmering blue altar of Sif Muna.
  4279 | D:7      | Reached skill level 7 in Fighting
  4511 | D:8      | Reached ** piety under Makhleb
  4651 | D:8      | Reached skill level 5 in Invocations
  5022 | D:9      | Reached XP level 10. HP: 48/96 MP: 6/8
  5199 | D:9      | Reached skill level 8 in Fighting
  5590 | D:10     | Entered Level 10 of the Dungeon
  5638 | D:10     | Noticed Erica
  5646 | D:10     | Killed Erica
  5729 | D:10     | Reached skill level 10 in Axes
  5766 | D:10     | Found a glowing silver altar of Zin.
  5962 | D:10     | Reached *** piety under Makhleb
  6003 | D:10     | Found Aghyep's Magic Scroll Boutique.
  6009 | D:10     | Bought a scroll of enchant armour for 120 gold pieces
  6009 | D:10     | Bought a scroll of fear for 56 gold pieces
  6062 | D:10     | Reached skill level 9 in Fighting
  6272 | D:10     | Reached XP level 11. HP: 89/106 MP: 9/9
  6553 | D:11     | Noticed a red ugly thing
  6553 | D:11     | Noticed a white ugly thing
  6566 | D:11     | Noticed a two-headed ogre
  6579 | D:11     | Killed a two-headed ogre
  6585 | D:11     | Killed a white ugly thing
  6591 | D:11     | Killed a white ugly thing
  6658 | D:11     | Noticed Harold
  6667 | D:11     | Killed Harold
  6695 | D:11     | Reached **** piety under Makhleb
  6814 | D:11     | Noticed a purple ugly thing
  6824 | D:11     | Noticed Josephine
  6829 | D:11     | Reached skill level 10 in Fighting
  6834 | D:11     | Noticed a two-headed ogre
  6844 | D:11     | Killed a purple ugly thing
  6862 | D:11     | Killed Josephine
  6871 | D:11     | Killed a two-headed ogre
  6883 | D:11     | Reached XP level 12. HP: 82/116 MP: 9/9
  7109 | D:11     | Found a staircase to the Lair.
  7145 | D:11     | Noticed a two-headed ogre
  7153 | D:11     | Killed a two-headed ogre
  7159 | D:11     | Noticed a centaur warrior
  7173 | D:11     | Killed a centaur warrior
  7264 | D:11     | Found a burning altar of Makhleb.
  7555 | D:11     | Found a flickering gateway to a bazaar.
  7679 | Bazaar   | Entered a bazaar
  7679 | Bazaar   | Found Syxze's Jewellery Emporium.
  7686 | Bazaar   | Found Oraonwa's Distillery.
  7694 | Bazaar   | Found Xobluson's General Store.
  7705 | Bazaar   | Found Nequup's Antique Weapon Emporium.
  7721 | Bazaar   | Found Cis Zesy's Antique Armour Shop.
  7743 | Bazaar   | Bought a runed war axe for 156 gold pieces
  7764 | Bazaar   | Bought an uncursed ring of poison resistance for 260 gold
                  | pieces
  7886 | D:12     | Noticed a centaur warrior
  7895 | D:12     | Killed a centaur warrior
  7970 | D:12     | Noticed a two-headed ogre
  7976 | D:12     | Reached ***** piety under Makhleb
  7985 | D:12     | Killed a two-headed ogre
  8071 | D:12     | Reached skill level 11 in Fighting
  8241 | D:12     | Noticed a seven-headed hydra
  8255 | D:12     | Killed a nine-headed hydra
  8284 | D:12     | Found a portal to a secret trove of treasure.
  8649 | D:12     | Reached skill level 1 in Dodging
  8692 | D:12     | Reached skill level 10 in Invocations
  8807 | D:12     | Reached XP level 13. HP: 127/127 MP: 4/9
  8872 | D:12     | Found a staircase to the Orcish Mines.
  8901 | D:12     | Reached skill level 10 in Armour
  8901 | D:12     | Reached skill level 10 in Shields
  9133 | D:12     | Found a roughly hewn altar of Beogh.
 10056 | D:14     | Noticed Roxanne
 10490 | D:14     | Reached skill level 12 in Fighting
 10501 | D:14     | Reached ****** piety under Makhleb
 10517 | D:14     | Found a gate to the Vaults.
 10621 | D:14     | Got a blackened plate armour
 10633 | D:14     | Identified the +15 plate armour of Creativity {Harm rN+
                  | Int-2 Slay+2} (You found it on level 14 of the Dungeon)
 10742 | D:15     | Entered Level 15 of the Dungeon
 10880 | D:15     | Identified the +9 rapier of Shame {freeze, rC+ MR+}
 11219 | D:15     | Noticed a fire dragon
 11219 | D:15     | Noticed a fire dragon
 11230 | D:15     | Killed a fire dragon
 11237 | D:15     | Killed a fire dragon
 11237 | D:15     | Gained mutation: You resist negative energy. (rN+) [Deep
                  | Dwarf growth]
 11237 | D:15     | Reached XP level 14. HP: 90/139 MP: 11/11
 11239 | D:15     | Found a staircase to the Depths.
 11542 | Lair:1   | Entered Level 1 of the Lair of Beasts
 11814 | Lair:2   | Noticed Nergalle
 11826 | Lair:2   | Killed Nergalle
 12124 | Lair:2   | Found a staircase to the Shoals.
 12234 | Lair:2   | Found a staircase to the Snake Pit.
 12320 | Lair:2   | Found a runed translucent door.
 12713 | Snake:1  | Entered Level 1 of the Snake Pit
 12825 | Snake:2  | Reached skill level 13 in Fighting
 12836 | Snake:2  | Reached skill level 15 in Axes
 12929 | Snake:4  | Entered Level 4 of the Snake Pit
 13068 | Snake:4  | Reached XP level 15. HP: 148/148 MP: 13/13
 13082 | Snake:4  | Noticed a nagaraja
 13089 | Snake:4  | Killed a nagaraja
 13106 | Snake:4  | Noticed a nagaraja
 13108 | Snake:4  | Noticed a nagaraja
 13118 | Snake:4  | Killed a nagaraja
 13124 | Snake:4  | Killed a nagaraja
 13125 | Snake:4  | Noticed a nagaraja
 13139 | Snake:4  | Killed a nagaraja
 13140 | Snake:4  | Noticed a nagaraja
 13150 | Snake:4  | Noticed a nagaraja
 13150 | Snake:4  | Noticed a nagaraja
 13156 | Snake:4  | Killed a nagaraja
 13158 | Snake:4  | Reached skill level 14 in Fighting
 13158 | Snake:4  | Killed a nagaraja
 13164 | Snake:4  | Killed a nagaraja
 13251 | Snake:4  | Got a serpentine rune of Zot
 13419 | Shoals:1 | Entered Level 1 of the Shoals
 13641 | Shoals:1 | Found Yluaz's Antique Weapon Shoppe.
 13724 | Shoals:2 | Reached XP level 16. HP: 156/159 MP: 15/15
 13935 | Shoals:2 | Got a pitted war axe
 13936 | Shoals:2 | Identified the +9 war axe of Reinforcement {flame, +Rage
                  | rElec MP-9} (You found it on level 2 of the Shoals)
 14157 | Shoals:3 | Cast into level 2 of the Abyss (merfolk impaler)
 14158 | Abyss:2  | Found a corrupted altar of Lugonu.
 14187 | Abyss:3  | Identified the +2 tower shield "Kueholin" {+Fly rN++ Dex-4
                  | SInv}
 14206 | Abyss:3  | Noticed an Executioner
 14221 | Abyss:3  | Killed an Executioner
 14257 | Abyss:3  | Noticed a tentacled starspawn
 14264 | Abyss:3  | Killed a tentacled starspawn
 14476 | Abyss:3  | Noticed a hellephant
 14496 | Abyss:3  | Killed a hellephant
 14503 | Abyss:3  | Found a corrupted altar of Lugonu.
 14606 | Abyss:4  | Reached skill level 15 in Fighting
 14631 | Abyss:4  | Noticed a tentacled starspawn
 14653 | Abyss:4  | Noticed a tentacled starspawn
 14654 | Abyss:4  | Noticed a tentacled starspawn
 14681 | Abyss:4  | Killed a tentacled starspawn
 14684 | Abyss:4  | Noticed a tentacled starspawn
 14698 | Abyss:4  | Killed a tentacled starspawn
 14698 | Abyss:4  | Reached XP level 17. HP: 153/153 MP: 2/16
 14715 | Abyss:4  | Got an abyssal rune of Zot
 14729 | Shoals:3 | Escaped the Abyss
 14845 | Shoals:3 | Found Beacry's Assorted Antiques.
 14865 | Shoals:4 | Entered Level 4 of the Shoals
 14934 | Shoals:4 | Got a pair of polished gloves
 14935 | Shoals:4 | Identified the +4 pair of gloves of the Sea {Rampage Int+2}
                  | (You found it on level 4 of the Shoals)
 15108 | Shoals:4 | Got a barnacled rune of Zot
 15587 | Depths:1 | Entered Level 1 of the Depths
 15588 | Depths:1 | Noticed the Enchantress
 15612 | D:15     | Reached skill level 15 in Invocations
 15763 | Depths:1 | Killed the Enchantress
 15763 | Depths:1 | Reached skill level 16 in Fighting
 15833 | Depths:2 | Found a gateway to Hell.
 15886 | Depths:2 | Gained mutation: You passively map a large area around you.
                  | [Deep Dwarf growth]
 15886 | Depths:2 | Reached XP level 18. HP: 183/183 MP: 7/16
 15925 | Depths:2 | Identified the ring "Luzuckib" {+Fly Int+3 SInv}
 16168 | Depths:2 | Reached skill level 1 in Evocations
 16172 | Depths:2 | Reached skill level 17 in Fighting
 16345 | Depths:3 | Found Oqill's Antique Weapon Emporium.
 16357 | Depths:3 | Found Imyec's Jewellery Emporium.
 16688 | Depths:4 | Reached skill level 15 in Shields
 16695 | Depths:4 | Reached skill level 5 in Dodging
 16708 | Depths:5 | Entered Level 5 of the Depths
 16714 | Depths:5 | Reached skill level 15 in Armour
 16753 | Depths:4 | Found a one-way gate to the infinite horrors of the Abyss.
 16892 | Depths:5 | Found a gate to the Realm of Zot.
 16931 | Zot:1    | Entered Level 1 of the Realm of Zot
 16936 | Zot:1    | Identified the +4 dragonskin cloak
 16936 | Zot:1    | Noticed Tiamat
 16942 | Zot:1    | Reached XP level 19. HP: 184/193 MP: 6/15
 16951 | Zot:1    | Reached skill level 5 in Evocations
 17023 | Zot:1    | Killed Tiamat
 17027 | Zot:1    | Noticed a golden dragon
 17050 | Zot:1    | Killed a golden dragon
 17184 | Zot:2    | Reached skill level 18 in Fighting
 17369 | Zot:3    | Noticed a golden dragon
 17382 | Zot:3    | Killed a golden dragon
 17424 | Zot:4    | Noticed a curse toe
 17426 | Zot:4    | Reached XP level 20. HP: 151/205 MP: 1/14
 17437 | Zot:4    | Reached skill level 10 in Dodging
 17454 | Zot:4    | Killed a curse toe
 17707 | Zot:5    | Entered Level 5 of the Realm of Zot
 18024 | Zot:5    | Noticed an ancient lich
 18034 | Zot:5    | Killed an ancient lich
 18046 | Zot:5    | Noticed a curse toe
 18047 | Zot:5    | Noticed an ancient lich
 18047 | Zot:5    | Noticed an orb of fire
 18047 | Zot:5    | Noticed an orb of fire
 18048 | Zot:5    | Noticed an orb of fire
 18048 | Zot:5    | Noticed an orb of fire
 18048 | Zot:5    | Noticed a Killer Klown
 18049 | Zot:5    | Noticed an ancient lich
 18049 | Zot:5    | Noticed an orb of fire
 18066 | Zot:5    | Killed a curse toe
 18066 | Zot:5    | Gained mutation: You are weak. (Str -2) [an orb of fire]
 18071 | Zot:5    | Killed an ancient lich
 18073 | Zot:5    | Killed an ancient lich
 18073 | Zot:5    | Reached skill level 10 in Evocations
 18074 | Zot:5    | Gained mutation: You occasionally shout uncontrollably at
                  | your foes. [an orb of fire]
 18075 | Zot:5    | Gained mutation: You are frail. (-10% HP) [an orb of fire]
 18076 | Zot:5    | Killed a Killer Klown
 18076 | Zot:5    | Reached skill level 19 in Fighting
 18076 | Zot:5    | Gained mutation: Scrolls take you a little longer to read.
                  | [an orb of fire]
 18084 | Zot:5    | Killed an orb of fire
 18085 | Zot:5    | Gained mutation: You are very weak. (Str -4) [an orb of
                  | fire]
 18092 | Zot:5    | Gained mutation: Armour fits poorly on your strangely
                  | shaped body. [an orb of fire]
 18096 | Zot:5    | Gained mutation: You are dopey. (Int -2) [an orb of fire]
 18096 | Zot:5    | Gained mutation: Your magical capacity is low. (-10% MP)
                  | [an orb of fire]
 18102 | Zot:5    | Killed an orb of fire
 18118 | Zot:5    | Killed an orb of fire
 18118 | Zot:5    | Reached XP level 21. HP: 130/194 MP: 2/11
 18153 | Zot:5    | Noticed an orb of fire
 18177 | Zot:5    | Killed an orb of fire
 18198 | Zot:5    | Noticed an orb of fire
 18210 | Zot:5    | HP: 7/196 [orb of fire/fireball (14)]
 18212 | Zot:5    | Gained mutation: You are very frail. (-20% HP) [an orb of
                  | fire]
 18213 | Zot:5    | Killed from afar by an orb of fire

Illustrated notes

Levels and vault maps discovered:
D:1:      mrwooster_arrival_arrow, layout_basic, minmay_worlds_worst_comb
D:2:      layout_loops_corners, kennysheep_okawaru_gauntlet
D:3:      layout_basic, nicolae_gozag_cash_rules_everything_around_me,
          minitemple, feat_on_display, uniq_ijyb, uniq_terence
D:4:      layout_basic, nicolae_ru_the_path_less_chosen,
          lemuel_temple_firewalk_b, serial_shops, nicolae_shop_statue_plus,
          gup_sewer_entry_spiral, uniq_sigmund, uniq_menkaure, uniq_grinder
D:5:      layout_loops_corners, serial_shops, nicolae_shop_overgrown_old_shop,
          cheibrodos_gnoll_hut
D:6:      layout_cave_pods, nicolae_dithmenos_the_darkroom,
          overflow_temple_1_default, serial_shops, shop,
          ebering_dispersal_statue_hall
D:7:      layout_loops_ring, kennysheep_mini_moat,
          eat_drink_and_be_merry_uskayaw, led_sif_book
D:8:      layout_loops_ring
D:9:      layout_basic, minmay_misc_feat_diagonals, minmay_bent
D:10:     layout_loops_corners, basic_altar, serial_shops, shop, uniq_erica
D:11:     layout_loops_ring, david_lair_generic, serial_shops, bzr_entry_gold,
          basic_altar, uniq_josephine, uniq_harold
D:12:     layout_layer_cave, minmay_orc_entry_temple_small,
          nicolae_trove_entry_path_of_doom
D:13:     layout_loops_cross
D:14:     layout_roguey, ximxim_vaults_locker_room, uniq_roxanne
D:15:     grunt_enter_depths_hoard, layout_irregular_city,
          hangedman_abyss_or_decor_stagger
Temple:   jpeg_temple_clearing
Lair:1:   layout_hall_layers, gammafunk_ghost_hive, serial_bayou,
          serial_bayou_pond_d, serial_bayou_shore_b, serial_bayou_shore_a,
          serial_bayou_ford_a, serial_bayou_lagoon_a, beast_lair_carwin_9
Lair:2:   gammafunk_lair_enchanted_lake, layout_regular_city,
          minmay_shoals_entry_lonely_mermaid, uniq_nergalle
Shoals:1: cheibrodos_shoals_gigantism, layout_shoals, serial_shops,
          nicolae_shop_overgrown_old_shop, nicolae_shoals_arrival_archipelago
Shoals:2: layout_shoals, nicolae_shoals_stone_sculpture_thing,
          nicolae_shoals_drake_roost
Shoals:3: layout_shoals, serial_shops, nicolae_shop_overgrown_old_shop,
          nicolae_shoals_water_elemental_grotto
Shoals:4: shoals_end_simple, layout_shoals, shoal_ilsuiw
Snake:1:  layout_rooms, fake_guardian_serpent_vault, uniq_donald
Snake:2:  layout_onion_interference, lemuel_oklob_altar
Snake:3:  layout_layer_cave
Snake:4:  grunt_snake_rune_serpentine_throne, layout_cave_town, serial_shops,
          nicolae_shop_waterfront, drop_trap, statue_in_the_mist_lemuel
Depths:1: layout_cave_pools, pf_vacation_house_of_asmodeus, serial_sigils,
          serial_sigils_hangedman_gnaw, serial_sigils_hangedman_leer,
          serial_sigils_hangedman_stare, serial_sigils_hangedman_shear,
          serial_sigils_hangedman_shear, abyss_entry, rand_demon_pan_entry_9,
          skrybe_limestone_x, hangedman_summoners_spam, uniq_enchantress
Depths:2: minmay_the_grid_net [minmay_the_grid_small_cups,
          minmay_the_grid_artifice, minmay_the_grid_tree,
          minmay_the_grid_broken_lines, minmay_the_grid_stretched_grid,
          minmay_the_grid_prize_inner_circle], layout_gridlike,
          hangedman_coc_ice_floe, serial_shops, statue_bzr, item_on_display_a
Depths:3: minmay_guarded_unrand_majin_bo, layout_basic, pan_entry,
          hangedman_decor_lopped, minmay_room_of_horrors, hell_entry,
          infiniplex_staircase_pool_1, minmay_shop_star, serial_bayou_shore_b,
          firewood_loft
Depths:4: evilmike_iron_armoury, layout_twisted_cross, enter_ziggurat_b,
          hell_entry, abyss_entry, minmay_tree_intersection,
          grunt_pan_entry_in_and_out, minmay_misc_feat_iff
Depths:5: grunt_zot_entry_tricorne, layout_gridville, hell_entry,
          evilmike_ruin_ashenzari
Zot:1:    layout_misc_corridors, uniq_tiamat
Zot:2:    layout_twisted_circle
Zot:3:    layout_cathedral_of_symmetry
Zot:4:    layout_basic, zot_minivault_3
Zot:5:    layout_twisted_circle

Skill      XL: |  1  2  3  4  5  6  7  8  9 10 11 12 13 14 15 16 17 18 19 20 21 |
---------------+----------------------------------------------------------------+-----
Fighting       | 3 4 5 6 7 9 10 11 12 13 14 15 16 17 18 19 | 19.7
Axes           | 3 4 5 6 7 9 10 11 13 14 15 16 17 18 | 18.0
Shields        | 4 5 6 7 8 9 10 11 12 13 14 15 16 17 | 17.1
Armour         | 4 5 6 7 9 10 11 12 13 14 15 16 17 | 17.1
Invocations    | 1 3 5 7 8 10 11 12 13 14 15 | 15.0
Dodging        | 1 2 6 9 11 | 11.0
Evocations     | 4 7 10 | 10.0

Action                   |  1- 3 |  4- 6 |  7- 9 | 10-12 | 13-15 | 16-18 | 19-21 || total
-------------------------+-------+-------+-------+-------+-------+-------+-------++-------
Melee: War axe           |    80 |    81 |   398 |   827 |   722 |   892 |   541 ||  3541
Invok: Lesser Servant of |       |       |       |     2 |     3 |       |     1 ||     6
 Abil: Heal Wounds       |     1 |     3 |    19 |    14 |     3 |    17 |    23 ||    80
  Use: Scroll            |       |       |    15 |     7 |    12 |    13 |     6 ||    53
       Potion            |       |       |     1 |     2 |       |     5 |    13 ||    21
 Stab: Invisible         |       |       |       |       |       |       |     6 ||     6
Armor: Scale mail        |    48 |    22 |    46 |       |       |       |       ||   116
       Chain mail        |       |       |    98 |    18 |       |       |       ||   116
       Plate armour      |       |       |       |   295 |   561 |   521 |    80 ||  1457
       Gold dragon scale |       |       |       |       |       |       |   217 ||   217
Dodge: Dodged            |    32 |    25 |    72 |    86 |   235 |   123 |    85 ||   658
Block: Kite shield       |    44 |    42 |   341 |   672 |   469 |       |       ||  1568
       Reflection        |       |       |     3 |    19 |    60 |    82 |    11 ||   175
       Tower shield      |       |       |       |       |   439 |  1054 |   605 ||  2098

Table legend: (Time is in decaauts)
 A = Elapsed time spent in this place.
 B = Non-inter-level travel time spent in this place.
 C = Inter-level travel time spent in this place.
 D = Time resting spent in this place.
 E = Time spent auto-exploring this place.
 F = Levels seen in this place.
 G = Mean time per level.
                   A        B        C        D        E       F      G
               +--------+--------+--------+--------+--------+-----+--------+
         Total |  18098 |  16620 |   1478 |    490 |  10518 |  40 |  452.5 |
       Dungeon |  11734 |  10929 |    805 |    127 |   7912 |  15 |  782.3 |
        Temple |    105 |     70 |     35 |      0 |     68 |   1 |  105.0 |
          Lair |   1317 |   1119 |    198 |      0 |    908 |   2 |  658.5 |
        Shoals |   1454 |   1233 |    221 |    103 |    528 |   4 |  363.5 |
     Snake Pit |    613 |    482 |    131 |      0 |    148 |   4 |  153.2 |
        Depths |   1153 |   1100 |     53 |      0 |    487 |   5 |  230.6 |
           Zot |   1085 |   1053 |     32 |    260 |    185 |   5 |  217.0 |
         Abyss |    534 |    534 |      0 |      0 |    231 |   3 |  178.0 |
        Bazaar |     97 |     97 |      0 |      0 |     49 |   1 |   97.0 |
               +--------+--------+--------+--------+--------+-----+--------+

Top non-repeatable levels by time:
    D:12: 1414 daAuts
    D:11: 1292 daAuts
  Lair:2: 1071 daAuts
     D:5: 1028 daAuts
    D:10: 971 daAuts
    D:14: 885 daAuts
    D:15: 863 daAuts
     D:4: 862 daAuts
     D:6: 772 daAuts
     D:9: 670 daAuts
    D:13: 655 daAuts
     D:8: 628 daAuts
     D:7: 607 daAuts
   Zot:5: 432 daAuts
Depths:3: 429 daAuts
